 Dungeon Crawl Stone Soup version 0.17-a0-1430-g49fde19 (webtiles) character file.

5768 abixa the Cleaver (level 10, -3/88 HPs)
             Began as a Minotaur Gladiator on June 25, 2015.
             Was an Elder of Okawaru.
             Killed from afar by a deep elf mage (29 damage)
             ... with a bolt of magma
             ... on level 9 of the Dungeon.
             The game lasted 00:34:39 (8681 turns).

abixa the Cleaver (Minotaur Gladiator)              Turns: 8681, Time: 00:34:40

Health: -3/88      AC: 12    Str: 23    XL:     10   Next: 49%
Magic:  0/0        EV: 12    Int:  9    God:    Okawaru [****..]
Gold:   408        SH:  0    Dex: 14    Spells: 0 memorised, 9 levels left

rFire  . . .     SeeInvis .     p - +0 battleaxe
rCold  . . .     Clarity  .     T - +0 chain mail of Bakaq {rN++ MP-9 Str+3 Int+4}
rNeg   + + .     SustAt   .     (no shield)
rPois  .         Gourm    .     c - +0 hat
rElec  .         Spirit   .     (no cloak)
rCorr  .         Warding  .     (no gloves)
rMut   .         Stasis   .     A - +0 pair of boots
MR     .....                    X - amulet of inaccuracy (curse)
Stlth  ..........               v - +2 ring of evasion
                                a - +4 ring of slaying

@: not resistant to hostile enchantments, extremely unstealthy
A: retaliatory headbutt, horns 2
a: Heroism, Renounce Religion


You were on level 9 of the Dungeon.
You worshipped Okawaru.
Okawaru was greatly pleased with you.
You were not hungry.

You visited 2 branches of the dungeon, and saw 10 of its levels.

You collected 408 gold pieces.

Inventory:

Hand weapons
 n - a +0 hunting sling
 p - a +0 battleaxe (weapon)
 I - a +0 trident
 O - a +0 blowgun
Missiles
 d - 4 throwing nets
 j - 216 stones (quivered)
 y - 6 javelins
 D - 70 bolts
 J - 17 poisoned bolts
 N - 67 poisoned needles
 S - 16 sling bullets
 W - 5 poisoned javelins
 Y - 6 bolts of flame
Armour
 c - a +0 hat (worn)
 A - a +0 pair of boots (worn)
 T - the +0 chain mail of Bakaq (worn) {rN++ MP-9 Str+3 Int+4}
   (You found it on level 7 of the Dungeon)

   It affects your strength (+3).
   It affects your intelligence (+4).
   It greatly protects you from negative energy.
   It affects your magic capacity (-9).
Jewellery
 a - a +4 ring of slaying (left hand)
 v - a +2 ring of evasion (right hand)
 B - an uncursed ring of positive energy
 K - an uncursed ring of teleportation
 X - a cursed amulet of inaccuracy (around neck)
Magical devices
 r - a wand of frost (26)
 H - a wand of draining (8)
 U - a wand of lightning (9)
 V - a wand of flame (23)
Scrolls
 f - 5 scrolls of remove curse
 i - 4 scrolls of teleportation
 w - 2 scrolls of enchant armour
 E - a scroll of fear
 G - a scroll of torment {unknown}
 M - a scroll of magic mapping {unknown}
 P - a scroll of silence {unknown}
 Z - a scroll of fog {unknown}
Potions
 b - a potion of curing
 g - a potion of might {unknown}
 h - 3 potions of lignification
 k - a potion of poison {unknown}
 l - 2 potions of agility
 o - 3 potions of heal wounds
 s - a potion of degeneration {unknown}
 t - a potion of mutation {unknown}
 u - a potion of magic {unknown}
 z - a potion of berserk rage {unknown}
 C - 3 potions of brilliance
 L - a potion of resistance {unknown}
 Q - a potion of haste
Comestibles
 e - 7 bread rations
 m - 6 meat rations
 q - a royal jelly
 x - 8 fruits
 R - a slice of pizza


   Skills:
 + Level 8.2 Fighting
 + Level 14.9 Axes
 - Level 2.0 Throwing
 + Level 7.7 Armour
 - Level 3.2 Dodging


You had 9 spell levels left.
You didn't know any spells.

Dungeon Overview and Level Annotations

Branches:
Dungeon (9/15)             Temple (1/1) D:6            Lair (0/8) D:8
    Orc: D:9-12

Altars:
Ashenzari
Cheibriados
Dithmenos
Elyvilon
Fedhas
Gozag
Kikubaaqudgha
Makhleb
Nemelex Xobeh
Okawaru
Qazlal
Ru
Sif Muna
Trog
Vehumet
Xom
Yredelemnul
Zin
The Shining One

Shops:
D:8 }

Annotations:
D:7 panicbit's ghost, experienced MiFi


Innate Abilities, Weirdness & Mutations

You reflexively headbutt those who attack you in melee.
You have a pair of horns on your head.


Message History

The deep elf mage casts a spell at you. The bolt of magma hits you!
You are too injured to fight recklessly!
You miss the deep elf mage. Your headbutt misses the deep elf mage.
The deep elf mage is heavily wounded.
The deep elf mage barely misses you.
You miss the deep elf mage.
The deep elf mage is heavily wounded.
The deep elf mage points at you and mumbles some strange words.
The bolt of magma hits you!
You barely miss the deep elf mage.
The deep elf mage is heavily wounded.
The deep elf mage casts a spell at you. The stone arrow hits you!
* * * LOW HITPOINT WARNING * * *
You closely miss the deep elf mage.
The deep elf mage is heavily wounded.
The deep elf mage points at you and mumbles some strange words.
The bolt of magma hits you!
You die...

.....# (########## ###
.(.)......# #..
..........+ #.# #
..........# #.# .#
..........# +.#####..+
.#........# #........#
...[......#####........##
.................@.......
.................#e..#...
.................#...#
.................#...#
.............#.......#
.....................#
......................
#######################


You could see a deep elf mage.

Vanquished Creatures
  Erolcha (D:8)
  The ghost of panicbit the Blocker, an experienced MiFi (D:8)
  Sigmund (D:4)
  A yak (D:7)
  2 hippogriffs
  A steam dragon (D:8)
  Menkaure (D:5)
  Edmund (D:5)
  A water moccasin (D:8)
  A black bear (D:8)
  2 sky beasts
  A phantom (D:4)
  3 ice beasts
  2 orc warriors (D:7)
  4 ogres
  8 big kobolds
  4 centaurs
  2 giant frogs
  A scorpion (D:5)
  5 wights (D:8)
  A hound (D:7)
  A quasit (D:8)
  3 crimson imps
  2 jellies
  2 orc priests (D:8)
  Terence (D:3)
  6 orc wizards
  3 worker ants
  Natasha (D:3)
  4 iguanas
  A killer bee zombie (D:5)
  A hound skeleton (D:7)
  Robin (D:4)
  12 adders
  9 gnolls
  2 shadow imps
  3 adder skeletons
  2 adder zombies
  4 worms
  3 giant geckos
  19 orcs
  A bat skeleton (D:4)
  15 goblins
  19 hobgoblins
  24 kobolds
  18 bats
  4 giant cockroaches
  A giant gecko skeleton (D:5)
  A giant gecko zombie (D:3)
  3 giant newts
  A jackal skeleton (D:3)
  7 quokkas
  A quokka zombie (D:7)
  9 rats
  A fungus (D:8)
  A plant (D:8)
230 creatures vanquished.

Vanquished Creatures (others)
  2 fungi (D:8)
  2 plants (D:8)
4 creatures vanquished.

Grand Total: 234 creatures vanquished

Notes
Turn   | Place    | Note
--------------------------------------------------------------
     0 | D:1      | abixa the Minotaur Gladiator began the quest for the Orb.
     0 | D:1      | Reached XP level 1. HP: 18/18 MP: 0/0
   136 | D:1      | Reached skill level 4 in Axes
   268 | D:1      | Reached XP level 2. HP: 20/25 MP: 1/1
   839 | D:2      | Reached skill level 5 in Axes
   839 | D:2      | Reached XP level 3. HP: 7/30 MP: 2/2
  1278 | D:2      | Reached XP level 4. HP: 32/37 MP: 3/3
  1435 | D:2      | Reached skill level 6 in Axes
  1579 | D:3      | Noticed Terence
  1583 | D:3      | Killed Terence
  2080 | D:3      | Reached XP level 5. HP: 42/42 MP: 4/4
  2093 | D:3      | Found a basalt altar of Yredelemnul.
  2101 | D:3      | Noticed Natasha
  2107 | D:3      | Killed Natasha
  2107 | D:3      | Reached skill level 7 in Axes
  2210 | D:3      | Found a shimmering altar of Xom.
  2455 | D:4      | Noticed a phantom
  2484 | D:4      | Killed a phantom
  2484 | D:4      | Reached skill level 8 in Axes
  2484 | D:4      | Reached XP level 6. HP: 41/50 MP: 5/5
  2527 | D:4      | Noticed Sigmund
  2659 | D:4      | Noticed an ogre
  2664 | D:4      | Killed an ogre
  2696 | D:4      | Reached skill level 9 in Axes
  2949 | D:4      | Noticed Robin
  2959 | D:4      | Killed Robin
  3015 | D:4      | Noticed an ogre
  3023 | D:4      | Killed an ogre
  3023 | D:4      | Reached XP level 7. HP: 50/56 MP: 6/6
  3489 | D:5      | Entered Level 5 of the Dungeon
  3544 | D:5      | Noticed Edmund
  3566 | D:5      | Killed Edmund
  3566 | D:5      | Reached skill level 10 in Axes
  3965 | D:5      | Noticed Menkaure
  4113 | D:5      | Killed Menkaure
  4311 | D:5      | Reached skill level 11 in Axes
  4694 | D:5      | Reached skill level 1 in Armour
  4772 | D:5      | Reached XP level 8. HP: 54/62 MP: 7/7
  5297 | D:6      | Found a sparkling altar of Nemelex Xobeh.
  5328 | D:6      | Found a staircase to the Ecumenical Temple.
  5341 | Temple   | Entered the Ecumenical Temple
  5486 | Temple   | Became a worshipper of Warmaster Okawaru
  5747 | D:7      | Reached skill level 12 in Axes
  5782 | D:7      | Noticed panicbit's ghost (experienced MiFi)
  6192 | D:7      | Acquired Okawaru's first power
  6349 | D:7      | Reached skill level 5 in Fighting
  6359 | D:7      | Reached XP level 9. HP: 53/74 MP: 8/8
  6617 | D:7      | Got a jewelled chain mail
  6632 | D:7      | Identified the cursed +0 chain mail of Bakaq {rN++ MP-9 Str+3 Int+4} (You found it on level 7 of the Dungeon)
  6795 | D:8      | Reached skill level 13 in Axes
  6795 | D:8      | Reached skill level 5 in Armour
  6912 | D:8      | Found a staircase to the Lair.
  7301 | D:8      | Noticed Erolcha
  7301 | D:8      | Noticed panicbit's ghost (experienced MiFi)
  7325 | D:8      | Killed panicbit's ghost
  7325 | D:8      | Reached skill level 14 in Axes
  7332 | D:8      | Killed Erolcha
  7332 | D:8      | Received a gift from Okawaru
  7332 | D:8      | Reached XP level 10. HP: 52/86 MP: 0/9
  7888 | D:4      | Killed Sigmund
  8332 | D:8      | Found Umuhip's Gadget Shop.
  8621 | D:9      | Found a burning altar of Makhleb.
  8681 | D:9      | Killed from afar by a deep elf mage

Vault maps used:
D:1:      lightli_arrival_farm
D:2:      first_bread, serial_bayou_crossing
D:3:      yredelemnul_altar_generic, serial_undead, serial_undead_b,
          serial_undead_b, serial_undead_b, serial_undead_f, tgw_xom,
          uniq_terence, uniq_natasha
D:4:      uniq_sigmund, uniq_robin
D:5:      columned_hall_lemuel, glass_columns_a, grunt_ministairs_2,
          moated_statue, grunt_decor_arrowhead, supply_closet_lemuel,
          uniq_menkaure, uniq_edmund
D:6:      lemuel_doored_altar
D:8:      due_lair_maze_entry_diamond, serial_shops, shop, special_room,
          uniq_erolcha
D:9:      lemuel_round_altar
Temple:   nicolae_temple_elliptical

Action                   |  1- 3 |  4- 6 |  7- 9 | 10-12 || total
-------------------------+-------+-------+-------+-------++-------
Melee: War axe           |    37 |       |       |       ||    37
       Battleaxe         |    16 |    72 |   233 |    78 ||   399
 Fire: Blowgun           |       |       |       |     5 ||     5
Throw: Stone             |       |     6 |     2 |       ||     8
  Use: Scroll            |       |       |     8 |     4 ||    12
  Eat: Chunk             |     1 |     6 |    13 |     5 ||    25
